 Dungeon Crawl Stone Soup version 0.30-a0-1053-gbd8d5ba0ad (webtiles) character file.

Game seed: 470414369582300769

53 IdlyInterested the Ducker (level 3, -2/27 HPs)
             Began as a Demonspawn Gladiator on Apr 11, 2023.
             Killed by divine providence
             ... invoked by an orc priest
              (15 damage)
             ... on level 3 of the Dungeon.
             The game lasted 00:04:34 (1682 turns).

IdlyInterested the Ducker (Demonspawn Gladiator)    Turns: 1682, Time: 00:04:36

Health: -2/27      AC:  9    Str: 14    XL:     3   Next: 64%
Magic:  3/3        EV:  7    Int:  9    God:
Gold:   104        SH:  0    Dex: 16    Spells: 2/2 levels left

rFire   . . .      SeeInvis .    f - +4 dagger
rCold   . . .      Faith    .    (no shield)
rNeg    . . .      Spirit   .    l - +0 chain mail
rPois   .          Reflect  .    c - +0 helmet
rElec   .          Rampage  .    (no cloak)
rCorr   .                        (no gloves)
Will    .....                    (no boots) Stlth
                                 (no amulet)
HPRegen 0.24/turn                (no ring)
MPRegen 0.08/turn                (no ring)

@: no status effects
A: spiny 1
a: no special abilities


You were on level 3 of the Dungeon.
You visited 1 branch of the dungeon, and saw 3 of its levels.

You collected 104 gold pieces.

Inventory:

Hand Weapons
 a - a +0 rapier
 f - a +4 dagger (weapon)
Missiles
 d - 3 throwing nets (quivered)
Armour
 b - a +0 leather armour
 c - a +0 helmet (worn)
 l - a +0 chain mail (worn)
Magical Staves
 k - a staff of cold
Jewellery
 s - a ring of fire
Scrolls
 m - a scroll of acquirement {unknown}
 n - a scroll of noise {unknown}
 p - a scroll of enchant armour {unknown}
Potions
 g - a potion of berserk rage
 h - a potion of invisibility
 i - a potion of lignification {unknown}
 j - 3 potions of brilliance {unknown}
 o - 2 potions of curing {unknown}
 q - a potion of mutation {unknown}
 r - a potion of heal wounds {unknown}


   Skills:
 - Level 2.0 Fighting
 - Level 2.6 Short Blades
 - Level 2.0 Throwing
 - Level 3.0 Dodging
 * Level 2.9 Stealth
 + Level 0.0 Evocations


You had 2 spell levels left.
You didn't know any spells.
Your spell library was empty.

Dungeon Overview and Level Annotations

Branches:
Dungeon (3/15)

Altars:


Innate Abilities, Weirdness & Mutations

You are partially covered in sharp spines.


Message History

You hit the orc priest but do no damage.
An endoplasm comes into view.
The orc priest barely misses you.
The endoplasm quivers.
You hit the orc priest.
The orc priest is lightly wounded.
The orc priest calls down the wrath of Beogh upon you.
Pain shoots through your body!
You barely miss the orc priest.
The orc priest is lightly wounded.
The orc priest calls down the wrath of Beogh upon you.
Pain shoots through your body!
You hit the orc priest.
The orc priest is moderately wounded.
Throw: javelin
Press: ? - help, Shift-Dir - straight line, f - endoplasm
Aim: an endoplasm (86% to hit)
You throw a javelin.
The javelin pierces through the orc but does no damage.
The javelin pierces through the orc priest.
The orc priest is severely wounded.
The javelin pierces through the endoplasm.
The endoplasm is heavily wounded.
The orc priest miscasts a cantrip.
You hit the orc.
The orc is lightly wounded.
The orc hits you but does no damage.
You hit the orc.
The orc is moderately wounded.
The orc closely misses you.
You hit the orc.
The orc is moderately wounded.
The orc barely misses you.
You hit the orc.
The orc is severely wounded.
The orc hits you but does no damage.
The orc priest calls down the wrath of Beogh upon you.
Beogh smites you!
Ouch! That really hurt!
You die...

#.....# ####.####
#.# #.....### ###.#
#.#
##......###...####
#.#
##.#.#..........#
#.######
#.#...###.####.#
#.##<..## #.##.##
#.# #.#####.##.....
#....#
#.####..............
######
#...#########.......
###@# #....... #o#
#.#...#. ##o##
#.#...>. #Jo.#
#....... #...#
###.#### #...# .#
#...# ..(.. ......)


You could see an orc priest, 2 orcs and an endoplasm.

Vanquished Creatures
  2 adders (D:2)
  A worm (D:2)
  2 ball pythons
  4 bats
  An endoplasm (D:1)
  7 giant cockroaches
  2 hobgoblins (D:2)
  A quokka (D:1)
  A frilled lizard (D:1)
  3 goblins
  4 kobolds
  2 rats (D:1)
30 creatures vanquished.

Notes
Turn   | Place    | Note
-------+----------+-------------------------------------------
     0 | D:1      | IdlyInterested the Demonspawn Gladiator began the quest for
                  | the Orb.
     0 | D:1      | Reached XP level 1. HP: 16/16 MP: 1/1
    41 | D:1      | Reached skill level 1 in Stealth
   182 | D:1      | Gained mutation: You are partially covered in sharp spines.
                  | [demonic ancestry]
   182 | D:1      | Reached XP level 2. HP: 22/22 MP: 2/2
   966 | D:2      | Reached skill level 3 in Dodging
   982 | D:2      | Reached XP level 3. HP: 27/27 MP: 3/3
  1682 | D:3      | Killed from afar by an orc priest

Illustrated notes

Levels and vault maps discovered:
D:1:      lightli_molten_gateway, layout_rooms
D:2:      layout_basic, minivault_27
D:3:      layout_loops_cross, mainiacjoe_overflow_small_starburst,
          portal_sewer_entry_d, hangedman_glass_teeth, minmay_gold_behind_fungi,
          corner_web_ring

Skill      XL: |  1  2  3 |
---------------+----------+-----
Stealth        | 1 2 |  2.9
Dodging        | 3 |  3.0
Throwing       | 2 |  2.0
Fighting       | |  2.0
Short Blades   | |  2.6

Action                     || total
---------------------------++-------
  Melee: Rapier            ||    36
         Staff             ||    10
         Dagger            ||    40
  Throw: Stone             ||    10
         Javelin           ||     1
    Use: Scroll            ||     2
 Armour: Leather armour    ||     8
         Chain mail        ||    31
  Dodge: Dodged            ||    35

Table legend: (Time is in decaauts)
 A = Elapsed time spent in this place.
 B = Non-inter-level travel time spent in this place.
 C = Inter-level travel time spent in this place.
 D = Time resting spent in this place.
 E = Time spent auto-exploring this place.
 F = Levels seen in this place.
 G = Mean time per level.
                   A        B        C        D        E       F      G
               +--------+--------+--------+--------+--------+-----+--------+
         Total |   1681 |   1416 |    265 |     39 |    936 |   3 |  560.3 |
       Dungeon |   1681 |   1416 |    265 |     39 |    936 |   3 |  560.3 |
               +--------+--------+--------+--------+--------+-----+--------+

Top non-repeatable levels by time:
     D:2: 882 daAuts
     D:1: 656 daAuts
     D:3: 142 daAuts
